NEW JERSEY Devils vs WASHINGTON Capitals

Created - 19 mars 2024 at 10:51

Goals
1 2 3 T
NEW JERSEY Devils 1 0 0 1
WASHINGTON Capitals 1 3 1 5
Shots
1 2 3 T
NEW JERSEY Devils 11 3 4 18
WASHINGTON Capitals 12 23 18 53

1st period

1. NEW JERSEY Devils , Oskar Lindblom 8 (Jake Bean 18, Ryan Donato 16) at 2:10
2. WASHINGTON Capitals , Kevin Shattenkirk 10 (William Karlsson 50, John Carlson 30) at 4:28 (PP)

Penalties :
Alexander Petrovic (NJD) for Tripping (Minor) at 2:39, Ryan Graves (NJD) for Interference (Minor) at 7:28, Kevin Shattenkirk (WSH) for Roughing (Minor) at 9:31, Kevin Shattenkirk (WSH) for Roughing (Minor) at 12:02, Matt Duchene (WSH) for Hooking (Minor) at 18:41

2nd period

3. WASHINGTON Capitals , Torey Krug 4 (Ian Cole 19, Kevin Shattenkirk 31) at 5:40
4. WASHINGTON Capitals , Carson Soucy 3 (Barrett Hayton 7, Mario Ferraro 20) at 8:33
5. WASHINGTON Capitals , Ryan Strome 6 (Kevin Shattenkirk 32, John Carlson 31) at 11:30

Penalties :
Alexander Petrovic (NJD) for Goalie Interference (Minor) at 0:53, Alexander Petrovic (NJD) for Holding (Minor) at 3:37, Bowen Byram (NJD) for Holding (Minor) at 8:54, Chris Wideman (NJD) for Roughing (Minor) at 17:52

3rd period

6. WASHINGTON Capitals , Ryan Strome 7 (Jason Dickinson 5, Christian Dvorak 8) at 6:21

Penalties :
Chris Wideman (NJD) for Elbowing (Minor) at 8:13, Alexander Petrovic (NJD) for Hooking (Minor) at 13:04, Bowen Byram (NJD) for Holding (Minor) at 18:58

Goalie Stats

Jake Allen (NJD), 48 saves from 53 shots - (0,906), L, 16-16-1, 60:00 minutes
Scott Wedgewood (WSH), 17 saves from 18 shots - (0,944), W, 19-23-3, 60:00 minutes

Players Stats for NEW JERSEY Devils

Player Name              G  A  P  +/- PIM S  H  SB GA TA FO     MP     PP MP  PK MP  
------------------------------------------------------------------------------------
Adam Boqvist             0  0  0  -1  0   0  1  3  0  0  0/0    25:10   2:51   7:45 
Alexander Petrovic       0  0  0   0  8   1  2  2  0  0  0/0    16:51   2:51   3:37 
Andreas Athanasiou       0  0  0  -1  0   2  2  0  0  0  0/0    16:16   2:31   0:55 
Bowen Byram              0  0  0  -1  4   1  4  3  0  0  0/0    24:16   3:06   6:38 
Chris Wideman            0  0  0  -2  4   0  2  0  0  0  0/0    17:41   0:00   5:24 
Connor Brown             0  0  0   0  0   1  0  0  0  0  0/0     4:58   0:00   0:44 
Gabriel Landeskog        0  0  0   0  0   0  1  0  0  0  0/0     4:14   0:00   0:00 
J.T. Compher             0  0  0  -1  0   0  1  0  0  0  1/12   14:08   0:00   1:18 
Jack Hughes              0  0  0  -1  0   2  2  0  0  0  16/47  26:45   3:26   9:44 
Jake Bean                0  1  1   0  0   0  0  2  0  0  0/0    11:31   0:00   1:36 
James van Riemsdyk       0  0  0  -1  0   1  0  0  0  0  1/1    22:04   3:26   5:03 
Joel Armia               0  0  0  -1  0   0  0  0  0  0  1/1    10:38   2:31   1:26 
Kyle Okposo              0  0  0  -1  0   3  1  0  0  0  2/3    26:28   3:26   9:27 
Miles Wood               0  0  0   0  0   0  0  0  0  0  1/5     4:14   0:00   0:00 
Oskar Lindblom           1  0  1  -1  0   5  0  0  0  0  3/10   14:45   2:31   5:33 
Ryan Donato              0  1  1  -1  0   0  2  0  0  0  2/10    6:41   0:00   0:00 
Ryan Graves              0  0  0  -2  2   0  3  2  0  0  0/0    23:38   3:06   7:42 
Thomas Novak             0  0  0  -1  0   2  0  0  0  0  0/0    12:50   0:00   0:00 

Players Stats for WASHINGTON Capitals

Player Name              G  A  P  +/- PIM S  H  SB GA TA FO     MP     PP MP  PK MP  
------------------------------------------------------------------------------------
Barrett Hayton           0  1  1   2  0   0  0  0  0  0  2/2     6:08   0:02   0:00 
Brock Boeser             0  0  0  -1  0   1  1  0  0  0  0/4    19:10   8:52   0:00 
Carson Soucy             1  0  1   2  0   2  2  1  0  0  0/0    12:44   0:02   2:39 
Casey Mittelstadt        0  0  0  -1  0   3  1  0  0  0  8/16   10:20   0:02   0:00 
Christian Dvorak         0  1  1   2  0   0  1  0  0  0  11/14   8:58   0:02   0:19 
Ian Cole                 0  1  1   0  0   0  2  0  0  0  0/0    16:19   0:02   3:18 
Ivan Barbashev           0  0  0  -1  0   5  3  1  0  0  1/1    21:54   8:00   3:36 
Jason Dickinson          0  1  1   2  0   0  1  0  0  0  1/1    10:39   0:00   2:02 
John Carlson             0  2  2   1  0   4  1  1  0  0  0/0    27:03   8:04   3:08 
Kevin Shattenkirk        1  2  3   1  4   6  1  2  0  0  0/0    23:53   8:04   0:00 
Mario Ferraro            0  1  1   2  0   3  2  1  0  0  0/0    19:46   8:37   2:39 
Matt Duchene             0  0  0   0  2   5  1  0  0  0  6/10   20:07   7:49   0:00 
Pavel Buchnevich         0  0  0   0  0   7  0  0  0  0  2/3    23:02   8:41   2:02 
Ross Colton              0  0  0   2  0   0  0  0  0  0  0/0     6:06   0:00   0:00 
Ryan Strome              2  0  2   2  0   6  1  0  0  0  2/2    16:37   8:00   0:00 
Sam Steel                0  0  0   2  0   0  0  0  0  0  0/0     6:06   0:00   0:00 
Torey Krug               1  0  1   0  0   5  1  0  0  0  0/0    20:13   8:37   0:10 
William Karlsson         0  1  1   0  0   6  0  0  0  0  29/36  24:55   8:41   3:55 

3 Stars

1 - Ryan Strome (WSH)
2 - Carson Soucy (WSH)
3 - Kevin Shattenkirk (WSH)

Power Play

NEW JERSEY Devils - 0 on 3 Attempt(s) - 0,00%
WASHINGTON Capitals - 1 on 9 Attempt(s) - 11,11%

Penalty Kill

NEW JERSEY Devils - 8 on 9 Attempt(s) - 88,89% - Score 0 goal in Penalty Kill
WASHINGTON Capitals - 3 on 3 Attempt(s) - 100,00% - Score 0 goal in Penalty Kill

Team Stat

NEW JERSEY Devils - Hits : 21 - Faceoff Wins : 27 - Blocked Shots : 12 - Penalty Minutes : 18
WASHINGTON Capitals - Hits : 18 - Faceoff Wins : 62 - Blocked Shots : 6 - Penalty Minutes : 6

Official

Referees : Francis Charron and Amanda Tasson
Linesman : Matt MacPherson and Brandon Gawryletz

Game Notes

No Game Note

Finance

Level 1 -- Attendance: 4781 (79,68%) -- Ticket Income $478,100
Level 2 -- Attendance: 4347 (86,94%) -- Ticket Income $260,820
Level 3 -- Attendance: 1948 (97,40%) -- Ticket Income $77,920
Level 4 -- Attendance: 2887 (72,18%) -- Ticket Income $72,175
Luxury Box -- Attendance: 878 (87,80%) -- Ticket Income $175,600
Game was played at the Verizon Center.
Total Attendance: 14841 (82,45%)
Total Ticket Income: $1,064,615
Other Income: $266,154
Total Income: $1,330,769

NEW JERSEY Devils

5 vs 5 Forward 
   Center                   Left Wing                Right Wing               Time % Phy DF OF 
 1 Jack Hughes              James van Riemsdyk       Kyle Okposo              40     1   2  2  
 2 J.T. Compher             Thomas Novak             Andreas Athanasiou       30     1   2  2  
 3 Ryan Donato              Oskar Lindblom           Joel Armia               20     1   2  2  
 4 Miles Wood               Gabriel Landeskog        Connor Brown             10     1   2  2  

5 vs 5 Defense 
   Defense                  Defense                                           Time % Phy DF OF 
 1 Adam Boqvist             Bowen Byram                                       40     2   2  1  
 2 Chris Wideman            Ryan Graves                                       30     2   2  1  
 3 Jake Bean                Alexander Petrovic                                20     2   2  1  
 4 Ryan Graves              Alexander Petrovic                                10     1   2  2  

PowerPlay Forward 
   Center                   Left Wing                Right Wing               Time % Phy DF OF 
 1 Jack Hughes              James van Riemsdyk       Kyle Okposo              60     1   2  2  
 2 Oskar Lindblom           Joel Armia               Andreas Athanasiou       40     1   2  2  

PowerPlay Defense
   Defense                  Defense                                           Time % Phy DF OF 
 1 Ryan Graves              Bowen Byram                                       60     1   2  2  
 2 Adam Boqvist             Alexander Petrovic                                40     1   2  2  

Penalty Kill 4 Players Forward 
   Center                   Wing                     Time % Phy DF OF 
 1 Jack Hughes              Kyle Okposo              60     1   2  2  
 2 Oskar Lindblom           James van Riemsdyk       40     1   2  2  

Penalty Kill 4 Players Defense
   Defense                  Defense                  Time % Phy DF OF 
 1 Ryan Graves              Bowen Byram              60     1   2  2  
 2 Adam Boqvist             Chris Wideman            40     1   2  2  

Penalty Kill - 3 Players Forward 
   Forward                                           Time % Phy DF OF 
 1 Jack Hughes                                       60     1   2  2  
 2 Kyle Okposo                                       40     1   2  2  

Penalty Kill - 3 Players Defense
   Defense                  Defense                  Time % Phy DF OF 
 1 Ryan Graves              Bowen Byram              60     1   2  2  
 2 Adam Boqvist             Chris Wideman            40     1   2  2  

4 vs 4 Forward 
   Center                   Wing                     Time % Phy DF OF 
 1 Jack Hughes              Kyle Okposo              60     1   2  2  
 2 Andreas Athanasiou       James van Riemsdyk       40     1   2  2  

4 vs 4 Defense
   Defense                  Defense                  Time % Phy DF OF 
 1 Ryan Graves              Bowen Byram              60     1   2  2  
 2 Adam Boqvist             Alexander Petrovic       40     1   2  2  

Last Minutes Offensive
   Center                   Left Wing                Right Wing               Defense                  Defense                  
   Jack Hughes              James van Riemsdyk       Kyle Okposo              Ryan Graves              Bowen Byram              

Last Minutes Defensive
   Center                   Left Wing                Right Wing               Defense                  Defense                  
   Jack Hughes              James van Riemsdyk       Kyle Okposo              Ryan Graves              Bowen Byram              

Goaltenders
Starting : Jake Allen               
Backup : Antti Raanta             

Extra Forwards
Normal : Jack Hughes, Oskar Lindblom, Joel Armia - PP : Kyle Okposo, Oskar Lindblom - PK : Joel Armia
Extra Defensemen
Normal : Chris Wideman, Alexander Petrovic, Adam Boqvist - PP : Chris Wideman - PK : Alexander Petrovic, Adam Boqvist
Penalty Shots
Jack Hughes, Kyle Okposo, Joel Armia, James van Riemsdyk, Oskar Lindblom

Scratches
Dustin Tokarski (Healthy)

WASHINGTON Capitals

5 vs 5 Forward 
   Center                   Left Wing                Right Wing               Time % Phy DF OF 
 1 William Karlsson         Pavel Buchnevich         Matt Duchene             40     1   1  3  
 2 Casey Mittelstadt        Ivan Barbashev           Brock Boeser             30     1   2  2  
 3 Christian Dvorak         Jason Dickinson          Ryan Strome              20     1   2  2  
 4 Barrett Hayton           Ross Colton              Sam Steel                10     3   2  0  

5 vs 5 Defense 
   Defense                  Defense                                           Time % Phy DF OF 
 1 John Carlson             Kevin Shattenkirk                                 40     0   4  1  
 2 Ian Cole                 Torey Krug                                        30     0   4  1  
 3 Mario Ferraro            Carson Soucy                                      20     1   3  1  
 4 Torey Krug               John Carlson                                      10     0   4  1  

PowerPlay Forward 
   Center                   Left Wing                Right Wing               Time % Phy DF OF 
 1 William Karlsson         Pavel Buchnevich         Brock Boeser             60     1   0  4  
 2 Matt Duchene             Ivan Barbashev           Ryan Strome              40     1   0  4  

PowerPlay Defense
   Defense                  Defense                                           Time % Phy DF OF 
 1 John Carlson             Kevin Shattenkirk                                 70     0   1  4  
 2 Mario Ferraro            Torey Krug                                        30     0   1  4  

Penalty Kill 4 Players Forward 
   Center                   Wing                     Time % Phy DF OF 
 1 William Karlsson         Ivan Barbashev           60     1   4  0  
 2 Jason Dickinson          Pavel Buchnevich         40     1   4  0  

Penalty Kill 4 Players Defense
   Defense                  Defense                  Time % Phy DF OF 
 1 John Carlson             Ian Cole                 60     0   5  0  
 2 Mario Ferraro            Carson Soucy             40     0   5  0  

Penalty Kill - 3 Players Forward 
   Forward                                           Time % Phy DF OF 
 1 William Karlsson                                  60     0   5  0  
 2 Jason Dickinson                                   40     0   5  0  

Penalty Kill - 3 Players Defense
   Defense                  Defense                  Time % Phy DF OF 
 1 Ian Cole                 Mario Ferraro            60     0   5  0  
 2 John Carlson             Carson Soucy             40     0   5  0  

4 vs 4 Forward 
   Center                   Wing                     Time % Phy DF OF 
 1 William Karlsson         Pavel Buchnevich         60     1   2  2  
 2 Matt Duchene             Brock Boeser             40     1   2  2  

4 vs 4 Defense
   Defense                  Defense                  Time % Phy DF OF 
 1 John Carlson             Kevin Shattenkirk        60     1   2  2  
 2 Mario Ferraro            Torey Krug               40     1   2  2  

Last Minutes Offensive
   Center                   Left Wing                Right Wing               Defense                  Defense                  
   Matt Duchene             Pavel Buchnevich         Brock Boeser             John Carlson             Kevin Shattenkirk        

Last Minutes Defensive
   Center                   Left Wing                Right Wing               Defense                  Defense                  
   William Karlsson         Jason Dickinson          Pavel Buchnevich         John Carlson             Mario Ferraro            

Goaltenders
Starting : Scott Wedgewood          
Backup : Chris Driedger           

Extra Forwards
Normal : Pavel Buchnevich, Matt Duchene, William Karlsson - PP : William Karlsson, Brock Boeser - PK : Christian Dvorak
Extra Defensemen
Normal : Carson Soucy, Kevin Shattenkirk, Mario Ferraro - PP : John Carlson - PK : Ian Cole, Torey Krug
Penalty Shots
Matt Duchene, Pavel Buchnevich, Ivan Barbashev, William Karlsson, Ross Colton

Scratches
Matt Grzelcyk (Healthy)

% Time on Ice - NEW JERSEY Devils

Lines # - Real PCT - Wanted PCT - Time Play
Normal Forward
1 - 36% - 40% - 13:35
2 - 34% - 30% - 12:50
3 - 18% - 20% - 6:41
4 - 11% - 10% - 4:14
Normal Defense
1 - 39% - 40% - 14:34
2 - 33% - 30% - 12:19
3 - 23% - 20% - 8:42
4 - 5% - 10% - 1:45
PP Forward
1 - 58% - 60% - 3:26
2 - 42% - 40% - 2:31
PP Defense
1 - 52% - 60% - 3:06
2 - 48% - 40% - 2:51
PK Forward
1 - 67% - 60% - 11:10
2 - 33% - 40% - 5:33
PK Defense
1 - 59% - 60% - 9:51
2 - 41% - 40% - 6:52
PK3 Forward
1 - 0% - 60%
2 - 0% - 40%
PK3 Defense
1 - 0% - 60%
2 - 0% - 40%
44 Forward
1 - 0% - 60%
2 - 0% - 40%
44 Defense
1 - 0% - 60%
2 - 0% - 40%
Last Minute Offensive  - 0:00
Last Minute Defensive  - 0:00
Total
Forward - 60:00
Defense - 60:00

% Time on Ice - WASHINGTON Capitals

Lines # - Real PCT - Wanted PCT - Time Play
Normal Forward
1 - 33% - 40% - 12:19
2 - 28% - 30% - 10:18
3 - 23% - 20% - 8:37
4 - 16% - 10% - 6:06
Normal Defense
1 - 42% - 40% - 15:51
2 - 33% - 30% - 12:11
3 - 25% - 20% - 9:18
4 - 0% - 10% - 0:00
PP Forward
1 - 52% - 60% - 8:43
2 - 48% - 40% - 8:00
PP Defense
1 - 48% - 70% - 8:06
2 - 52% - 30% - 8:37
PK Forward
1 - 66% - 60% - 3:55
2 - 34% - 40% - 2:02
PK Defense
1 - 55% - 60% - 3:18
2 - 45% - 40% - 2:39
PK3 Forward
1 - 0% - 60%
2 - 0% - 40%
PK3 Defense
1 - 0% - 60%
2 - 0% - 40%
44 Forward
1 - 0% - 60%
2 - 0% - 40%
44 Defense
1 - 0% - 60%
2 - 0% - 40%
Last Minute Offensive  - 0:00
Last Minute Defensive  - 0:00
Total
Forward - 60:00
Defense - 60:00

Play-by-Play

1st period


0:01 of 1st period - Jack Hughes wins face-off versus William Karlsson in neutral zone.
1:13 of 1st period - Shot by J.T. Compher.
1:13 of 1st period - Shot Misses the Net.
1:29 of 1st period - Shot by Thomas Novak.
1:29 of 1st period - Stopped by Scott Wedgewood with a rebound.
1:56 of 1st period - Ryan Donato is hit by Ian Cole.
2:10 of 1st period - Shot by Oskar Lindblom.
2:10 of 1st period - Goal by Oskar Lindblom - NEW JERSEY Devils : 1 - WASHINGTON Capitals : 0.
2:11 of 1st period - Miles Wood wins face-off versus Christian Dvorak in neutral zone.
2:18 of 1st period - Shot by Connor Brown.
2:18 of 1st period - Stopped by Scott Wedgewood without a rebound.
2:19 of 1st period - Christian Dvorak wins face-off versus Ryan Donato in WASHINGTON Capitals zone.
2:24 of 1st period - Shot by Jason Dickinson.
2:24 of 1st period - Shot Blocked by Jake Bean.
2:39 of 1st period - Minor Penalty to Alexander Petrovic for Tripping.
2:40 of 1st period - Jack Hughes wins face-off versus Brock Boeser in NEW JERSEY Devils zone.
2:40 of 1st period - Jack Hughes is hit by Ivan Barbashev.
2:50 of 1st period - Shot by Torey Krug.
2:50 of 1st period - Stopped by Jake Allen without a rebound.
2:51 of 1st period - Ryan Strome wins face-off versus Jack Hughes in NEW JERSEY Devils zone.
2:58 of 1st period - Shot by Ivan Barbashev.
2:58 of 1st period - Stopped by Jake Allen without a rebound.
2:59 of 1st period - William Karlsson wins face-off versus Jack Hughes in NEW JERSEY Devils zone.
3:09 of 1st period - William Karlsson is hit by Bowen Byram and loses puck.
3:12 of 1st period - Shot by Kevin Shattenkirk.
3:12 of 1st period - Stopped by Jake Allen with a rebound.
3:14 of 1st period - Shot by Pavel Buchnevich.
3:14 of 1st period - Stopped by Jake Allen with a rebound.
3:23 of 1st period - Shot by Kevin Shattenkirk.
3:23 of 1st period - Stopped by Jake Allen without a rebound.
3:24 of 1st period - Oskar Lindblom wins face-off versus Matt Duchene in NEW JERSEY Devils zone.
4:28 of 1st period - Shot by Kevin Shattenkirk.
4:28 of 1st period - Goal by Kevin Shattenkirk - NEW JERSEY Devils : 1 - WASHINGTON Capitals : 1.
4:29 of 1st period - Barrett Hayton wins face-off versus J.T. Compher in neutral zone.
4:46 of 1st period - Shot by Andreas Athanasiou.
4:46 of 1st period - Deflect By Thomas Novak.
4:46 of 1st period - Stopped by Scott Wedgewood with a rebound.
4:48 of 1st period - Shot by Andreas Athanasiou.
4:48 of 1st period - Shot Misses the Net.
4:50 of 1st period - Shot by Thomas Novak.
4:50 of 1st period - Shot Blocked by John Carlson.
4:52 of 1st period - Shot by Alexander Petrovic.
4:52 of 1st period - Stopped by Scott Wedgewood without a rebound.
4:53 of 1st period - Jack Hughes wins face-off versus Casey Mittelstadt in WASHINGTON Capitals zone.
5:23 of 1st period - Shot by Kyle Okposo.
5:23 of 1st period - Stopped by Scott Wedgewood without a rebound.
5:24 of 1st period - Christian Dvorak wins face-off versus Miles Wood in WASHINGTON Capitals zone.
5:24 of 1st period - Mario Ferraro is hit by Gabriel Landeskog and loses puck.
5:47 of 1st period - Icing by Mario Ferraro.
5:48 of 1st period - Jack Hughes wins face-off versus Christian Dvorak in WASHINGTON Capitals zone.
6:45 of 1st period - Oskar Lindblom is hit by Christian Dvorak.
7:07 of 1st period - Shot by Oskar Lindblom.
7:07 of 1st period - Shot Blocked by Ivan Barbashev.
7:28 of 1st period - Minor Penalty to Ryan Graves for Interference.
7:29 of 1st period - William Karlsson wins face-off versus Jack Hughes in NEW JERSEY Devils zone.
8:10 of 1st period - Shot by Oskar Lindblom.
8:10 of 1st period - Stopped by Scott Wedgewood with a rebound.
8:36 of 1st period - Shot by Mario Ferraro.
8:36 of 1st period - Stopped by Jake Allen without a rebound.
8:37 of 1st period - Matt Duchene wins face-off versus Jack Hughes in NEW JERSEY Devils zone.
8:40 of 1st period - Shot by Matt Duchene.
8:40 of 1st period - Shot Misses the Net.
9:23 of 1st period - James van Riemsdyk is hit by Matt Duchene and loses puck.
9:31 of 1st period - Minor Penalty to Kevin Shattenkirk for Roughing.
9:32 of 1st period - Oskar Lindblom wins face-off versus William Karlsson in WASHINGTON Capitals zone.
9:33 of 1st period - Shot by Andreas Athanasiou.
9:33 of 1st period - Stopped by Scott Wedgewood with a rebound.
9:44 of 1st period - Off-side.
9:45 of 1st period - William Karlsson wins face-off versus Oskar Lindblom in neutral zone.
9:51 of 1st period - Icing by Oskar Lindblom.
9:52 of 1st period - Ivan Barbashev wins face-off versus Oskar Lindblom in NEW JERSEY Devils zone.
10:03 of 1st period - Shot by Oskar Lindblom.
10:03 of 1st period - Stopped by Scott Wedgewood without a rebound.
10:04 of 1st period - William Karlsson wins face-off versus Jack Hughes in WASHINGTON Capitals zone.
11:15 of 1st period - Shot by Oskar Lindblom.
11:15 of 1st period - Stopped by Scott Wedgewood without a rebound.
11:16 of 1st period - Jason Dickinson wins face-off versus Oskar Lindblom in WASHINGTON Capitals zone.
11:16 of 1st period - Jason Dickinson is hit by Andreas Athanasiou.
11:37 of 1st period - Miles Wood is hit by John Carlson and loses puck.
12:01 of 1st period - Connor Brown is hit by Kevin Shattenkirk and loses puck.
12:02 of 1st period - Minor Penalty to Kevin Shattenkirk for Roughing.
12:03 of 1st period - William Karlsson wins face-off versus Jack Hughes in WASHINGTON Capitals zone.
14:52 of 1st period - Shot by John Carlson.
14:52 of 1st period - Shot Misses the Net.
15:32 of 1st period - Shot by J.T. Compher.
15:32 of 1st period - Deflect By Andreas Athanasiou.
15:32 of 1st period - Shot Blocked by Kevin Shattenkirk.
15:35 of 1st period - Icing by Kevin Shattenkirk.
15:36 of 1st period - Christian Dvorak wins face-off versus Ryan Donato in WASHINGTON Capitals zone.
16:27 of 1st period - Shot by William Karlsson.
16:27 of 1st period - Deflect By Pavel Buchnevich.
16:27 of 1st period - Stopped by Jake Allen without a rebound.
16:28 of 1st period - Casey Mittelstadt wins face-off versus Jack Hughes in NEW JERSEY Devils zone.
16:29 of 1st period - Shot by Brock Boeser.
16:29 of 1st period - Shot Blocked by Bowen Byram.
16:31 of 1st period - Shot by Ivan Barbashev.
16:31 of 1st period - Stopped by Jake Allen without a rebound.
16:32 of 1st period - Jack Hughes wins face-off versus Casey Mittelstadt in NEW JERSEY Devils zone.
16:43 of 1st period - Shot by Ivan Barbashev.
16:43 of 1st period - Stopped by Jake Allen without a rebound.
16:44 of 1st period - William Karlsson wins face-off versus J.T. Compher in NEW JERSEY Devils zone.
16:45 of 1st period - Shot by Matt Duchene.
16:45 of 1st period - Stopped by Jake Allen without a rebound.
16:46 of 1st period - William Karlsson wins face-off versus Jack Hughes in NEW JERSEY Devils zone.
16:47 of 1st period - Shot by Pavel Buchnevich.
16:47 of 1st period - Shot Misses the Net.
17:21 of 1st period - Shot by Jack Hughes.
17:21 of 1st period - Stopped by Scott Wedgewood without a rebound.
17:22 of 1st period - Casey Mittelstadt wins face-off versus J.T. Compher in WASHINGTON Capitals zone.
17:52 of 1st period - Shot by Ivan Barbashev.
17:52 of 1st period - Shot Misses the Net.
18:16 of 1st period - Ryan Graves is hit by Ryan Strome and loses puck.
18:21 of 1st period - Shot by Ryan Strome.
18:21 of 1st period - Stopped by Jake Allen without a rebound.
18:22 of 1st period - William Karlsson wins face-off versus Jack Hughes in NEW JERSEY Devils zone.
18:41 of 1st period - Minor Penalty to Matt Duchene for Hooking.
18:42 of 1st period - William Karlsson wins face-off versus Jack Hughes in WASHINGTON Capitals zone.
19:09 of 1st period - Pavel Buchnevich is hit by Jack Hughes and loses puck.
19:49 of 1st period - Shot by Ryan Graves.
19:49 of 1st period - Shot Misses the Net.
Goals for this period are 1 for NEW JERSEY Devils vs 1 for WASHINGTON Capitals.
Shots for this period are 11 for NEW JERSEY Devils vs 12 for WASHINGTON Capitals.

2nd period


0:01 of 2nd period - William Karlsson wins face-off versus Jack Hughes in neutral zone.
0:09 of 2nd period - Jack Hughes is hit by Carson Soucy and loses puck.
0:19 of 2nd period - Jack Hughes is hit by Carson Soucy.
0:36 of 2nd period - Icing by Ryan Graves.
0:37 of 2nd period - William Karlsson wins face-off versus Jack Hughes in NEW JERSEY Devils zone.
0:53 of 2nd period - Minor Penalty to Alexander Petrovic for Goalie Interference.
0:54 of 2nd period - Jack Hughes wins face-off versus William Karlsson in NEW JERSEY Devils zone.
1:00 of 2nd period - Icing by Brock Boeser.
1:01 of 2nd period - Jack Hughes wins face-off versus William Karlsson in WASHINGTON Capitals zone.
1:15 of 2nd period - Icing by Kevin Shattenkirk.
1:16 of 2nd period - Kyle Okposo wins face-off versus Brock Boeser in WASHINGTON Capitals zone.
2:30 of 2nd period - Shot by Matt Duchene.
2:30 of 2nd period - Shot Blocked by Bowen Byram.
2:32 of 2nd period - Shot by Ryan Strome.
2:32 of 2nd period - Shot Misses the Net.
2:48 of 2nd period - Shot by Matt Duchene.
2:48 of 2nd period - Deflect By Ryan Strome.
2:48 of 2nd period - Shot Misses the Net.
3:09 of 2nd period - Ross Colton is hit by Alexander Petrovic and loses puck.
3:37 of 2nd period - Minor Penalty to Alexander Petrovic for Holding.
3:38 of 2nd period - William Karlsson wins face-off versus Oskar Lindblom in NEW JERSEY Devils zone.
3:39 of 2nd period - Shot by Brock Boeser.
3:39 of 2nd period - Shot Misses the Net.
3:41 of 2nd period - Shot by John Carlson.
3:41 of 2nd period - Deflect By William Karlsson.
3:41 of 2nd period - Stopped by Jake Allen without a rebound.
3:42 of 2nd period - William Karlsson wins face-off versus Oskar Lindblom in NEW JERSEY Devils zone.
3:45 of 2nd period - Shot by Pavel Buchnevich.
3:45 of 2nd period - Shot Misses the Net.
3:47 of 2nd period - Shot by Pavel Buchnevich.
3:47 of 2nd period - Deflect By William Karlsson.
3:47 of 2nd period - Stopped by Jake Allen without a rebound.
3:48 of 2nd period - William Karlsson wins face-off versus Jack Hughes in NEW JERSEY Devils zone.
3:48 of 2nd period - William Karlsson is hit by Ryan Graves.
3:50 of 2nd period - Shot by Pavel Buchnevich.
3:50 of 2nd period - Stopped by Jake Allen without a rebound.
3:51 of 2nd period - William Karlsson wins face-off versus Kyle Okposo in NEW JERSEY Devils zone.
4:24 of 2nd period - Shot by William Karlsson.
4:24 of 2nd period - Shot Misses the Net.
4:28 of 2nd period - Shot by Brock Boeser.
4:28 of 2nd period - Stopped by Jake Allen with a rebound.
4:30 of 2nd period - Shot by Pavel Buchnevich.
4:30 of 2nd period - Shot Blocked by Bowen Byram.
4:32 of 2nd period - Shot by John Carlson.
4:32 of 2nd period - Stopped by Jake Allen without a rebound.
4:33 of 2nd period - Matt Duchene wins face-off versus Jack Hughes in NEW JERSEY Devils zone.
5:03 of 2nd period - Shot by Matt Duchene.
5:03 of 2nd period - Shot Misses the Net.
5:05 of 2nd period - Shot by Matt Duchene.
5:05 of 2nd period - Shot Blocked by Adam Boqvist.
5:07 of 2nd period - Shot by Mario Ferraro.
5:07 of 2nd period - Shot Misses the Net.
5:09 of 2nd period - Shot by Ivan Barbashev.
5:09 of 2nd period - Deflect By Matt Duchene.
5:09 of 2nd period - Shot Misses the Net.
5:11 of 2nd period - Shot by Mario Ferraro.
5:11 of 2nd period - Shot Blocked by Adam Boqvist.
5:13 of 2nd period - Shot by Matt Duchene.
5:13 of 2nd period - Stopped by Jake Allen without a rebound.
5:14 of 2nd period - Pavel Buchnevich wins face-off versus Jack Hughes in NEW JERSEY Devils zone.
5:15 of 2nd period - Shot by John Carlson.
5:15 of 2nd period - Stopped by Jake Allen without a rebound.
5:16 of 2nd period - William Karlsson wins face-off versus Jack Hughes in NEW JERSEY Devils zone.
5:16 of 2nd period - William Karlsson is hit by Bowen Byram.
5:36 of 2nd period - Shot by Kevin Shattenkirk.
5:36 of 2nd period - Stopped by Jake Allen with a rebound.
5:38 of 2nd period - Shot by Ian Cole.
5:38 of 2nd period - Shot Blocked by Jake Bean.
5:40 of 2nd period - Shot by Torey Krug.
5:40 of 2nd period - Goal by Torey Krug - NEW JERSEY Devils : 1 - WASHINGTON Capitals : 2.
5:41 of 2nd period - Christian Dvorak wins face-off versus J.T. Compher in neutral zone.
6:36 of 2nd period - Ryan Graves is hit by Jason Dickinson and loses puck.
6:53 of 2nd period - Shot by James van Riemsdyk.
6:53 of 2nd period - Stopped by Scott Wedgewood with a rebound.
7:03 of 2nd period - Shot by Pavel Buchnevich.
7:03 of 2nd period - Stopped by Jake Allen with a rebound.
7:05 of 2nd period - Shot by Kevin Shattenkirk.
7:05 of 2nd period - Shot Misses the Net.
7:10 of 2nd period - Matt Duchene is hit by Chris Wideman and loses puck.
7:43 of 2nd period - Shot by Ivan Barbashev.
7:43 of 2nd period - Shot Misses the Net.
8:31 of 2nd period - Shot by Barrett Hayton.
8:31 of 2nd period - Shot Misses the Net.
8:33 of 2nd period - Shot by Carson Soucy.
8:33 of 2nd period - Goal by Carson Soucy - NEW JERSEY Devils : 1 - WASHINGTON Capitals : 3.
8:34 of 2nd period - Christian Dvorak wins face-off versus J.T. Compher in neutral zone.
8:36 of 2nd period - John Carlson is hit by Adam Boqvist and loses puck.
8:45 of 2nd period - Shot by Ryan Strome.
8:45 of 2nd period - Shot Blocked by Adam Boqvist.
8:54 of 2nd period - Minor Penalty to Bowen Byram for Holding.
8:55 of 2nd period - Oskar Lindblom wins face-off versus Brock Boeser in NEW JERSEY Devils zone.
9:24 of 2nd period - Shot by Mario Ferraro.
9:24 of 2nd period - Stopped by Jake Allen without a rebound.
9:25 of 2nd period - Joel Armia wins face-off versus Matt Duchene in NEW JERSEY Devils zone.
9:25 of 2nd period - Joel Armia is hit by Ivan Barbashev.
9:49 of 2nd period - Shot by Kevin Shattenkirk.
9:49 of 2nd period - Shot Blocked by Alexander Petrovic.
10:03 of 2nd period - Shot by Kevin Shattenkirk.
10:03 of 2nd period - Stopped by Jake Allen without a rebound.
10:04 of 2nd period - William Karlsson wins face-off versus Jack Hughes in NEW JERSEY Devils zone.
10:39 of 2nd period - Shot by William Karlsson.
10:39 of 2nd period - Shot Misses the Net.
10:54 of 2nd period - Icing by Jake Bean.
10:55 of 2nd period - Christian Dvorak wins face-off versus Oskar Lindblom in NEW JERSEY Devils zone.
11:30 of 2nd period - Shot by Ryan Strome.
11:30 of 2nd period - Goal by Ryan Strome - NEW JERSEY Devils : 1 - WASHINGTON Capitals : 4.
11:31 of 2nd period - Barrett Hayton wins face-off versus Jack Hughes in neutral zone.
11:43 of 2nd period - Barrett Hayton is hit by Ryan Graves and loses puck.
11:58 of 2nd period - Shot by Jack Hughes.
11:58 of 2nd period - Shot Misses the Net.
12:10 of 2nd period - Shot by Jack Hughes.
12:10 of 2nd period - Shot Misses the Net.
12:12 of 2nd period - Shot by Jack Hughes.
12:12 of 2nd period - Shot Misses the Net.
12:14 of 2nd period - Shot by Jack Hughes.
12:14 of 2nd period - Stopped by Scott Wedgewood without a rebound.
12:15 of 2nd period - Pavel Buchnevich wins face-off versus J.T. Compher in WASHINGTON Capitals zone.
12:17 of 2nd period - Matt Duchene is hit by J.T. Compher and loses puck.
12:59 of 2nd period - Pavel Buchnevich is hit by Alexander Petrovic and loses puck.
13:14 of 2nd period - Shot by Ivan Barbashev.
13:14 of 2nd period - Stopped by Jake Allen without a rebound.
13:15 of 2nd period - Casey Mittelstadt wins face-off versus Jack Hughes in NEW JERSEY Devils zone.
13:22 of 2nd period - Shot by Ivan Barbashev.
13:22 of 2nd period - Shot Misses the Net.
13:24 of 2nd period - Shot by Torey Krug.
13:24 of 2nd period - Stopped by Jake Allen without a rebound.
13:25 of 2nd period - Jack Hughes wins face-off versus Casey Mittelstadt in NEW JERSEY Devils zone.
13:25 of 2nd period - Jack Hughes is hit by Casey Mittelstadt.
13:53 of 2nd period - Off-side.
13:54 of 2nd period - William Karlsson wins face-off versus Ryan Donato in neutral zone.
14:52 of 2nd period - Icing by Joel Armia.
14:53 of 2nd period - Casey Mittelstadt wins face-off versus Ryan Donato in NEW JERSEY Devils zone.
14:54 of 2nd period - Shot by Torey Krug.
14:54 of 2nd period - Stopped by Jake Allen without a rebound.
14:55 of 2nd period - Jack Hughes wins face-off versus Casey Mittelstadt in NEW JERSEY Devils zone.
15:10 of 2nd period - Shot by Casey Mittelstadt.
15:10 of 2nd period - Stopped by Jake Allen without a rebound.
15:11 of 2nd period - Christian Dvorak wins face-off versus J.T. Compher in NEW JERSEY Devils zone.
15:32 of 2nd period - Shot by Andreas Athanasiou.
15:32 of 2nd period - Stopped by Scott Wedgewood without a rebound.
15:33 of 2nd period - William Karlsson wins face-off versus Jack Hughes in WASHINGTON Capitals zone.
15:38 of 2nd period - Shot by Pavel Buchnevich.
15:38 of 2nd period - Stopped by Jake Allen with a rebound.
15:40 of 2nd period - Shot by Pavel Buchnevich.
15:40 of 2nd period - Stopped by Jake Allen without a rebound.
15:41 of 2nd period - William Karlsson wins face-off versus Jack Hughes in NEW JERSEY Devils zone.
15:46 of 2nd period - Shot by Pavel Buchnevich.
15:46 of 2nd period - Stopped by Jake Allen without a rebound.
15:47 of 2nd period - William Karlsson wins face-off versus Jack Hughes in NEW JERSEY Devils zone.
17:26 of 2nd period - Thomas Novak is hit by Brock Boeser and loses puck.
17:50 of 2nd period - Jason Dickinson is hit by Ryan Graves and loses puck.
17:52 of 2nd period - Minor Penalty to Chris Wideman for Roughing.
17:53 of 2nd period - Jack Hughes wins face-off versus William Karlsson in NEW JERSEY Devils zone.
18:08 of 2nd period - Shot by Brock Boeser.
18:08 of 2nd period - Shot Hit the Post.
18:10 of 2nd period - Shot by Kevin Shattenkirk.
18:10 of 2nd period - Stopped by Jake Allen with a rebound.
18:12 of 2nd period - Shot by Kevin Shattenkirk.
18:12 of 2nd period - Shot Misses the Net.
18:14 of 2nd period - Shot by William Karlsson.
18:14 of 2nd period - Shot Misses the Net.
18:52 of 2nd period - Shot by Matt Duchene.
18:52 of 2nd period - Shot Misses the Net.
19:07 of 2nd period - Icing by Matt Duchene.
19:08 of 2nd period - Matt Duchene wins face-off versus Jack Hughes in WASHINGTON Capitals zone.
19:10 of 2nd period - Icing by Torey Krug.
19:11 of 2nd period - Matt Duchene wins face-off versus Jack Hughes in WASHINGTON Capitals zone.
19:16 of 2nd period - Jack Hughes is hit by Ivan Barbashev and loses puck.
19:24 of 2nd period - Icing by Matt Duchene.
19:25 of 2nd period - Matt Duchene wins face-off versus Jack Hughes in WASHINGTON Capitals zone.
19:40 of 2nd period - Shot by Matt Duchene.
19:40 of 2nd period - Shot Misses the Net.
19:42 of 2nd period - Shot by Mario Ferraro.
19:42 of 2nd period - Stopped by Jake Allen without a rebound.
19:43 of 2nd period - William Karlsson wins face-off versus Oskar Lindblom in NEW JERSEY Devils zone.
19:43 of 2nd period - William Karlsson is hit by Bowen Byram.
Goals for this period are 0 for NEW JERSEY Devils vs 3 for WASHINGTON Capitals.
Shots for this period are 3 for NEW JERSEY Devils vs 23 for WASHINGTON Capitals.

3rd period


0:01 of 3rd period - Jack Hughes wins face-off versus William Karlsson in neutral zone.
0:08 of 3rd period - Shot by James van Riemsdyk.
0:08 of 3rd period - Shot Misses the Net.
0:18 of 3rd period - Shot by Pavel Buchnevich.
0:18 of 3rd period - Shot Misses the Net.
0:24 of 3rd period - Shot by William Karlsson.
0:24 of 3rd period - Stopped by Jake Allen with a rebound.
0:26 of 3rd period - Shot by William Karlsson.
0:26 of 3rd period - Shot Misses the Net.
0:28 of 3rd period - Shot by Matt Duchene.
0:28 of 3rd period - Stopped by Jake Allen with a rebound.
0:43 of 3rd period - Shot by John Carlson.
0:43 of 3rd period - Stopped by Jake Allen without a rebound.
0:44 of 3rd period - J.T. Compher wins face-off versus Casey Mittelstadt in NEW JERSEY Devils zone.
1:02 of 3rd period - Icing by Ian Cole.
1:03 of 3rd period - Ryan Donato wins face-off versus Casey Mittelstadt in WASHINGTON Capitals zone.
1:07 of 3rd period - Icing by Ian Cole.
1:08 of 3rd period - Casey Mittelstadt wins face-off versus J.T. Compher in WASHINGTON Capitals zone.
1:41 of 3rd period - Icing by Ian Cole.
1:42 of 3rd period - Jack Hughes wins face-off versus Casey Mittelstadt in WASHINGTON Capitals zone.
1:43 of 3rd period - Shot by Bowen Byram.
1:43 of 3rd period - Stopped by Scott Wedgewood with a rebound.
1:49 of 3rd period - Torey Krug is hit by Jack Hughes and loses puck.
2:04 of 3rd period - Shot by Kyle Okposo.
2:04 of 3rd period - Stopped by Scott Wedgewood without a rebound.
2:05 of 3rd period - William Karlsson wins face-off versus Ryan Donato in WASHINGTON Capitals zone.
2:25 of 3rd period - Shot by Oskar Lindblom.
2:25 of 3rd period - Stopped by Scott Wedgewood without a rebound.
2:26 of 3rd period - James van Riemsdyk wins face-off versus Christian Dvorak in WASHINGTON Capitals zone.
2:49 of 3rd period - Shot by James van Riemsdyk.
2:49 of 3rd period - Shot Blocked by Mario Ferraro.
3:03 of 3rd period - Shot by James van Riemsdyk.
3:03 of 3rd period - Shot Misses the Net.
3:05 of 3rd period - Shot by Kyle Okposo.
3:05 of 3rd period - Shot Blocked by Carson Soucy.
3:07 of 3rd period - Shot by James van Riemsdyk.
3:07 of 3rd period - Shot Misses the Net.
3:26 of 3rd period - Off-side.
3:27 of 3rd period - William Karlsson wins face-off versus Ryan Donato in neutral zone.
3:27 of 3rd period - William Karlsson is hit by Ryan Donato.
3:31 of 3rd period - Shot by Pavel Buchnevich.
3:31 of 3rd period - Shot Hit the Post.
3:33 of 3rd period - Shot by Matt Duchene.
3:33 of 3rd period - Stopped by Jake Allen with a rebound.
3:35 of 3rd period - Shot by William Karlsson.
3:35 of 3rd period - Deflect By Matt Duchene.
3:35 of 3rd period - Stopped by Jake Allen without a rebound.
3:36 of 3rd period - William Karlsson wins face-off versus J.T. Compher in NEW JERSEY Devils zone.
3:53 of 3rd period - Shot by William Karlsson.
3:53 of 3rd period - Shot Misses the Net.
3:55 of 3rd period - Shot by Matt Duchene.
3:55 of 3rd period - Shot Blocked by Ryan Graves.
3:57 of 3rd period - Shot by Kevin Shattenkirk.
3:57 of 3rd period - Shot Blocked by Ryan Graves.
3:59 of 3rd period - Shot by Pavel Buchnevich.
3:59 of 3rd period - Shot Misses the Net.
4:05 of 3rd period - Shot by William Karlsson.
4:05 of 3rd period - Stopped by Jake Allen without a rebound.
4:06 of 3rd period - Casey Mittelstadt wins face-off versus Jack Hughes in NEW JERSEY Devils zone.
4:09 of 3rd period - Shot by Casey Mittelstadt.
4:09 of 3rd period - Stopped by Jake Allen without a rebound.
4:10 of 3rd period - Jack Hughes wins face-off versus Brock Boeser in NEW JERSEY Devils zone.
4:29 of 3rd period - Shot by Brock Boeser.
4:29 of 3rd period - Shot Misses the Net.
5:49 of 3rd period - Shot by J.T. Compher.
5:49 of 3rd period - Shot Blocked by Kevin Shattenkirk.
6:21 of 3rd period - Shot by Ryan Strome.
6:21 of 3rd period - Goal by Ryan Strome - NEW JERSEY Devils : 1 - WASHINGTON Capitals : 5.
6:22 of 3rd period - Casey Mittelstadt wins face-off versus Miles Wood in neutral zone.
6:32 of 3rd period - Icing by Ryan Graves.
6:33 of 3rd period - Christian Dvorak wins face-off versus Miles Wood in NEW JERSEY Devils zone.
6:40 of 3rd period - Shot by Ryan Strome.
6:40 of 3rd period - Stopped by Jake Allen without a rebound.
6:41 of 3rd period - Casey Mittelstadt wins face-off versus Jack Hughes in NEW JERSEY Devils zone.
6:41 of 3rd period - Ian Cole is hit by Bowen Byram and loses puck.
7:40 of 3rd period - Shot by William Karlsson.
7:40 of 3rd period - Stopped by Jake Allen with a rebound.
7:59 of 3rd period - Off-side.
8:00 of 3rd period - Christian Dvorak wins face-off versus J.T. Compher in neutral zone.
8:00 of 3rd period - Christian Dvorak is hit by Andreas Athanasiou.
8:05 of 3rd period - Icing by Ryan Graves.
8:06 of 3rd period - Ryan Strome wins face-off versus J.T. Compher in NEW JERSEY Devils zone.
8:06 of 3rd period - Jason Dickinson is hit by Chris Wideman and loses puck.
8:13 of 3rd period - Shot by Ryan Strome.
8:13 of 3rd period - Stopped by Jake Allen without a rebound.
8:13 of 3rd period - Minor Penalty to Chris Wideman for Elbowing.
8:14 of 3rd period - William Karlsson wins face-off versus Jack Hughes in NEW JERSEY Devils zone.
9:15 of 3rd period - Shot by Torey Krug.
9:15 of 3rd period - Stopped by Jake Allen without a rebound.
9:16 of 3rd period - Jack Hughes wins face-off versus Matt Duchene in NEW JERSEY Devils zone.
9:32 of 3rd period - Icing by Torey Krug.
9:33 of 3rd period - Matt Duchene wins face-off versus Jack Hughes in WASHINGTON Capitals zone.
12:17 of 3rd period - Adam Boqvist is hit by Torey Krug and loses puck.
12:34 of 3rd period - Shot by Pavel Buchnevich.
12:34 of 3rd period - Shot Misses the Net.
12:38 of 3rd period - Shot by Pavel Buchnevich.
12:38 of 3rd period - Shot Misses the Net.
12:49 of 3rd period - Bowen Byram is hit by Mario Ferraro and loses puck.
13:03 of 3rd period - Shot by Carson Soucy.
13:03 of 3rd period - Stopped by Jake Allen without a rebound.
13:04 of 3rd period - Christian Dvorak wins face-off versus Jack Hughes in NEW JERSEY Devils zone.
13:04 of 3rd period - Minor Penalty to Alexander Petrovic for Hooking.
13:05 of 3rd period - Kyle Okposo wins face-off versus Matt Duchene in NEW JERSEY Devils zone.
13:36 of 3rd period - Mario Ferraro is hit by Kyle Okposo and loses puck.
14:25 of 3rd period - Shot by Brock Boeser.
14:25 of 3rd period - Deflect By William Karlsson.
14:25 of 3rd period - Shot Misses the Net.
14:27 of 3rd period - Shot by Kevin Shattenkirk.
14:27 of 3rd period - Deflect By Brock Boeser.
14:27 of 3rd period - Shot Misses the Net.
15:29 of 3rd period - Shot by J.T. Compher.
15:29 of 3rd period - Shot Misses the Net.
16:13 of 3rd period - Shot by Christian Dvorak.
16:13 of 3rd period - Shot Blocked by Alexander Petrovic.
16:21 of 3rd period - Shot by Ryan Strome.
16:21 of 3rd period - Shot Misses the Net.
16:45 of 3rd period - Shot by Brock Boeser.
16:45 of 3rd period - Shot Misses the Net.
16:47 of 3rd period - Shot by Carson Soucy.
16:47 of 3rd period - Shot Misses the Net.
16:49 of 3rd period - Shot by Ivan Barbashev.
16:49 of 3rd period - Stopped by Jake Allen without a rebound.
16:50 of 3rd period - William Karlsson wins face-off versus Jack Hughes in NEW JERSEY Devils zone.
16:56 of 3rd period - Bowen Byram is hit by Ian Cole and loses puck.
17:27 of 3rd period - Shot by William Karlsson.
17:27 of 3rd period - Stopped by Jake Allen with a rebound.
17:44 of 3rd period - Icing by Mario Ferraro.
17:45 of 3rd period - Ryan Donato wins face-off versus Casey Mittelstadt in WASHINGTON Capitals zone.
17:45 of 3rd period - Ryan Donato is hit by Mario Ferraro.
18:21 of 3rd period - Shot by Casey Mittelstadt.
18:21 of 3rd period - Stopped by Jake Allen without a rebound.
18:22 of 3rd period - Christian Dvorak wins face-off versus Miles Wood in NEW JERSEY Devils zone.
18:29 of 3rd period - Shot by Jason Dickinson.
18:29 of 3rd period - Shot Hit the Post.
18:39 of 3rd period - Shot by Ryan Strome.
18:39 of 3rd period - Stopped by Jake Allen without a rebound.
18:40 of 3rd period - Jack Hughes wins face-off versus Pavel Buchnevich in NEW JERSEY Devils zone.
18:49 of 3rd period - Shot by Kyle Okposo.
18:49 of 3rd period - Stopped by Scott Wedgewood without a rebound.
18:50 of 3rd period - William Karlsson wins face-off versus Ryan Donato in WASHINGTON Capitals zone.
18:50 of 3rd period - William Karlsson is hit by Ryan Donato.
18:57 of 3rd period - Icing by Oskar Lindblom.
18:58 of 3rd period - William Karlsson wins face-off versus Ryan Donato in NEW JERSEY Devils zone.
18:58 of 3rd period - Minor Penalty to Bowen Byram for Holding.
18:59 of 3rd period - Jack Hughes wins face-off versus William Karlsson in NEW JERSEY Devils zone.
19:12 of 3rd period - Shot by John Carlson.
19:12 of 3rd period - Stopped by Jake Allen with a rebound.
19:28 of 3rd period - Shot by William Karlsson.
19:28 of 3rd period - Shot Misses the Net.
Goals for this period are 0 for NEW JERSEY Devils vs 1 for WASHINGTON Capitals.
Shots for this period are 4 for NEW JERSEY Devils vs 18 for WASHINGTON Capitals. Output by the SimonT Hockey Simulator (STHS) for Martin Benoit - Original Page W3C HTML5 Valid
Hockey Simulator - Hockey Simulation - Hockey Manager